 Dungeon Crawl Stone Soup version 0.29.1-1-gd02db6906a (webtiles) character file.

Game seed: 5051922677098651101

219 mopl the Poker (level 5, -2/43 HPs)
             Began as a Palentonga Gladiator on Oct 21, 2022.
             Slain by an ogre
             ... wielding a +0 giant club
              (17 damage)
             ... on level 4 of the Dungeon.
             The game lasted 00:04:31 (2617 turns).

mopl the Poker (Palentonga Gladiator)               Turns: 2617, Time: 00:04:31

Health: -2/43      AC:  9    Str: 21    XL:     5   Next: 63%
Magic:  5/5        EV:  6    Int:  8    God:
Gold:   251        SH:  0    Dex: 12    Spells: 4/4 levels left

rFire   . . .      SeeInvis +   v - +2 spear (vorpal)
rCold   . . .      Faith    .   (no shield)
rNeg    . . .      Spirit   .   l - +0 chain mail
rPois   .          Reflect  .   c - +0 helmet
rElec   .          Harm     .   (no cloak)
rCorr   .          Rampage  .   p - +0 pair of gloves
Will    .....                   (no barding)
Stlth   ..........              z - amulet of regeneration
HPRegen 0.94/turn               (no ring)
MPRegen 0.09/turn               (no ring)

@: no status effects
A: large, rugged brown scales 3, see invisible, deformed body, roll 1, armoured
tail
a: Rolling Charge


You were on level 4 of the Dungeon.
You visited 1 branch of the dungeon, and saw 4 of its levels.

You collected 251 gold pieces.

Inventory:

Hand Weapons
 a - a +0 trident
 v - a +2 vorpal spear (weapon)
Missiles
 d - 3 throwing nets
 e - a javelin
 D - 2 boomerangs (quivered)
Armour
 c - a +0 helmet (worn)
 l - a +0 chain mail (worn)
 p - a +0 pair of gloves (worn)
Magical Staves
 x - a staff of poison
Jewellery
 z - an amulet of regeneration (around neck)
 C - a ring of ice
Wands
 E - a wand of charming (2)
Scrolls
 g - 3 scrolls of identify {unknown}
 j - 2 scrolls of fear {unknown}
 k - 2 scrolls of magic mapping {unknown}
 m - 2 scrolls of silence {unknown}
 q - 2 scrolls of poison {unknown}
 r - a scroll of enchant armour {unknown}
 u - a scroll of vulnerability {unknown}
 w - 2 scrolls of blinking {unknown}
 y - a scroll of butterflies {unknown}
Potions
 b - 2 potions of lignification {unknown}
 f - a potion of brilliance {unknown}
 h - 3 potions of curing {unknown}
 i - 3 potions of cancellation {unknown}
 n - 2 potions of heal wounds {unknown}
 o - a potion of berserk rage {!q}
 s - 2 potions of degeneration {unknown}
 t - a potion of invisibility {unknown}
 A - 2 potions of might {unknown}
 B - a potion of mutation {unknown}
 F - a potion of magic {unknown}


   Skills:
 + Level 3.0 Fighting
 * Level 4.0 Polearms
 + Level 2.1 Throwing
 + Level 1.4 Armour
 + Level 3.1 Dodging


You had 4 spell levels left.
You didn't know any spells.
Your spell library contained the following spells:

 Spells                   Type           Power      Damage    Failure   Level
 Ozocubu's Armour         Ice            0%         N/A       100%        3
 Ozocubu's Refrigeration  Ice            0%         4d7       100%        7


Dungeon Overview and Level Annotations

Branches:
Dungeon (4/15)
 Temple: D:4-7

Altars:
Qazlal


Innate Abilities, Weirdness & Mutations

You are completely covered in rugged brown scales. (AC +3, +7% HP)
You have supernaturally acute eyesight. (SInv)
Armour fits poorly on your strangely shaped body.
You can roll at nearby foes to attack.
You have a long armoured tail.


Message History

There are monsters nearby!
The iguana hisses angrily.
You hear an angry hiss.
You hear a shout!
A hobgoblin comes into view. It is wielding a +0 sling.
You hear a shout!
You reach to attack!
You hit the ball python but do no damage.
You puncture the ball python!
You kill the ball python!
Okay, then.
You reach to attack!
You barely miss the ogre. You hit the ogre.
The ogre is lightly wounded.
The ogre barely misses you.
You hit the ogre. You tail-slap the ogre.
The ogre is heavily wounded.
The hobgoblin unwields a +0 sling.
The hobgoblin drinks a potion.
The hobgoblin goes berserk!
You closely miss the ogre.
Your tail-slap misses the ogre.
The ogre is heavily wounded.
The ogre hits you with a +0 giant club!
You hear an angry hiss. x2
You barely miss the ogre. Your punch misses the ogre.
The ogre is heavily wounded.
The ogre closely misses you.
You barely miss the ogre.
The ogre is moderately wounded.
You hear a shout!
You hit the ogre.
The ogre is severely wounded.
The ogre hits you with a +0 giant club!
You are too injured to fight recklessly!
You are too injured to fight recklessly!
You hit the ogre but do no damage.
The ogre is severely wounded.
The hobgoblin rages.
You hear an angry hiss.
You hit the ogre but do no damage. You tail-slap the ogre.
The ogre is almost dead.
The ogre hits you with a +0 giant club!
You die...

#......#
#.......# #
#......#
#.#...#.# .#
+<.....#
#.#...#.###.###
#......#
#<#####.......#
#......# ###
##...##.#
########
##..####.#
###........#
#...#......#
#@###......#
#O# #......#
##l# ######..
#.g# ## #..##
..... .O..####
....## #>g.


You could see an ogre, an iguana and a hobgoblin (berserk).

Vanquished Creatures
  An orc priest (D:3)
  7 adders
  3 worms
  3 dart slugs
  9 orcs
  10 ball pythons
  8 bats
  11 endoplasms
  4 giant cockroaches
  5 goblins
  7 hobgoblins
  8 jackals (D:1)
  6 quokkas
  A frilled lizard (D:1)
  7 kobolds
  9 rats
  A spectral goblin (D:3)
100 creatures vanquished.

Notes
Turn   | Place    | Note
-------+----------+-------------------------------------------
     0 | D:1      | mopl the Palentonga Gladiator began the quest for the Orb.
     0 | D:1      | Reached XP level 1. HP: 17/17 MP: 1/1
    86 | D:1      | Reached XP level 2. HP: 18/23 MP: 2/2
   128 | D:1      | Reached skill level 3 in Polearms
   436 | D:1      | Reached XP level 3. HP: 21/29 MP: 3/3
   929 | D:2      | Reached XP level 4. HP: 35/36 MP: 4/4
  1403 | D:3      | Reached skill level 1 in Armour
  1540 | D:3      | Found a stormy altar of Qazlal.
  1553 | D:3      | Reached skill level 2 in Throwing
  1803 | D:3      | Reached XP level 5. HP: 39/42 MP: 5/5
  2017 | D:3      | Found a faded altar of an unknown god.
  2244 | D:3      | Reached skill level 3 in Dodging
  2318 | D:3      | Reached skill level 3 in Fighting
  2320 | D:3      | Reached skill level 4 in Polearms
  2333 | D:3      | Identified the +1 leather armour "Utibliot" {Int-5 Dex+8
                  | SInv Stlth-}
  2601 | D:4      | Noticed an ogre
  2617 | D:4      | Slain by an ogre

Illustrated notes

Levels and vault maps discovered:
D:1:      dpeg_arrival_arbitrary_b, layout_basic
D:2:      layout_rooms, chequers_serial_rivers_micro_e, chequers_arboretum
D:3:      layout_loops_ring, overflow_temple_1_default,
          dreamdust_ecumenical_altar_drowned_temple, hangedman_decor_points,
          minmay_tree_intersection, minmay_misc_feat_plants,
          minmay_joined_circles
D:4:      layout_basic, nicolae_ru_the_path_less_chosen, temple_green,
          hangedman_decor_opposing, minmay_rat_hole, uniq_duvessa

Skill      XL: |  1  2  3  4  5 |
---------------+----------------+-----
Polearms       | 3 4 |  4.0
Armour         | 1 |  1.4
Throwing       | 2 |  2.1
Dodging        | 3 |  3.1
Fighting       | 3 |  3.0

Action                   |  1- 3 |  4- 6 || total
-------------------------+-------+-------++-------
Melee: Trident           |   125 |    55 ||   180
       Tailslap          |    14 |    10 ||    24
       Punch             |     1 |       ||     1
       Spear             |       |   116 ||   116
Armor: Leather armour    |     6 |       ||     6
       Chain mail        |    65 |    67 ||   132
Dodge: Dodged            |    42 |    31 ||    73
